 Dungeon Crawl Stone Soup version 0.30-a0-137-gd8773701ce (webtiles) character file.

Game seed: 4669655940866921245

51 IdlyInterested the Cutter (level 3, -2/26 (28) HPs)
             Began as a Demonspawn Gladiator on Sept 22, 2022.
             Slain by Crazy Yiuf
             ... wielding a +4 quarterstaff of chaos
              (3 damage)
             ... on level 2 of the Dungeon.
             The game lasted 00:05:24 (2304 turns).

IdlyInterested the Cutter (Demonspawn Gladiator)    Turns: 2304, Time: 00:05:25

HP:   -2/26 (28)    AC:  6    Str: 14    XL:     3   Next: 57%
MP:   3/3           EV: 12    Int:  5    God:
Gold: 111           SH:  0    Dex: 16    Spells: 2/2 levels left

rFire   . . .      SeeInvis .    f - +7 hammer "Fogucol" {spect, Will+ Int-4 Stlth+}
rCold   . . .      Faith    .    (no shield)
rNeg    . . .      Spirit   .    b - +0 leather armour
rPois   .          Reflect  .    c - +0 helmet
rElec   .          Harm     .    (no cloak)
rCorr   .          Rampage  .    (no gloves)
Will    +....                    i - +0 pair of boots
Stlth   +++.......               (no amulet)
HPRegen 0.08/turn                (no ring)
MPRegen 0.08/turn                (no ring)

@: drained
A: rugged brown scales 1, demonic touch 1
a: no special abilities


You were on level 2 of the Dungeon.
You visited 1 branch of the dungeon, and saw 2 of its levels.

You collected 111 gold pieces.

Inventory:

Hand Weapons
 a - a +1 rapier
 f - the +7 hammer "Fogucol" (weapon) {spect, Will+ Int-4 Stlth+}
   (You found it on level 2 of the Dungeon)

   When its wielder attacks, the weapon's spirit leaps out and strikes again.
   The spirit shares a part of any damage it takes with its wielder.
   Int:       It affects your intelligence (-4).
   Will:      It increases your willpower.
   Stlth:     It makes you more stealthy.
 m - a +0 dagger
Missiles
 d - 3 throwing nets (quivered)
 e - a javelin
Armour
 b - a +0 leather armour (worn)
 c - a +0 helmet (worn)
 i - a +0 pair of boots (worn)
Potions
 g - a potion of attraction
 l - a potion of mutation
 n - a potion of resistance
 o - 2 potions of haste {unknown}
 r - a potion of flight {unknown}


   Skills:
 * Level 2.9 Fighting
 - Level 3.0 Short Blades
 - Level 1.7 Throwing
 - Level 3.0 Dodging
 * Level 1.4 Stealth
 + Level 0.2 Unarmed Combat


You had 2 spell levels left.
You didn't know any spells.
Your spell library contained the following spells:

 Spells                   Type           Power      Damage    Failure   Level
 Sandblast                Erth           0%         2d4       56%         1
 Passwall                 Tmut/Erth      0%         N/A       71%         2
 Sublimation of Blood     Necr           0%         N/A       71%         2
 Wereblood                Tmut           0%         N/A       71%         2
 Stone Arrow              Conj/Erth      0%         3d7       90%         3
 Summon Hydra             Summ           0%         N/A       100%        7


Dungeon Overview and Level Annotations

Branches:
Dungeon (2/15)

Altars:

Annotations:
D:2 Crazy Yiuf


Innate Abilities, Weirdness & Mutations

You are partially covered in rugged brown scales. (AC +1, +3% HP)
Your touch may inflict minor irresistible damage on your foes.


Message History

You now have 101 gold pieces (gained 10).
You now have 111 gold pieces (gained 10).
Found a whip.
h - 2 scrolls of identify (gained 1)
Things that are here:
a +0 dagger; a goblin corpse
Things that are here:
a +0 dagger; a goblin corpse You see here a ball python skeleton.
Things that are here:
a +0 club; a goblin skeleton You see here a quokka skeleton.
You see here 6 stones.
There is a stone staircase leading down here.
You see here a +0 hammer.
You see here a +0 hammer.
You see here a +0 hammer.
As you read the scroll of identify, it crumbles to dust.
l - a potion of mutation
As you read the scroll of identify, it crumbles to dust.
n - a potion of resistance You open the door.
Crazy Yiuf hits you with a +4 quarterstaff of chaos!
Crazy Yiuf burns you.
There is an open translucent door, spattered with blood here.
You completely miss Crazy Yiuf.
Your +7 hammer "Fogucol" {spect, Will+ Int-4 Stlth+} barely misses Crazy Yiuf.
Crazy Yiuf hits you with a +4 quarterstaff of chaos!
* * * LOW HITPOINT WARNING * * *
You are lethally poisoned!
You feel better. Crazy Yiuf closely misses you.
You hit Crazy Yiuf. Your touch misses Crazy Yiuf.
Crazy Yiuf is lightly wounded.
Your +7 hammer "Fogucol" {spect, Will+ Int-4 Stlth+} completely misses Crazy Yiuf.
Crazy Yiuf hits you with a +4 quarterstaff of chaos.
Crazy Yiuf draws strength from your wounds!
Crazy Yiuf hits you with a +4 quarterstaff of chaos!
* * * LOW HITPOINT WARNING * * *
You feel drained.
You die...

#....#
#...)#
#####.######
#....#
♣.PP.♣
#...........
#....#
♣♣P))♣
#.###.######
####.# ♣♣.♣♣
#.# #.# #.#
♣♣.♣ #.#
#.###### #.#
♣.♣♣
#.###.#.....
####.#######
♣♣.♣
#.#<#.#.####
..[........#
♣.♣♣
#.#.#.#.....
###.########
*#@#*
#.#.#.#..#.#
#.#.# #§(g#
#.#.#.#..#..
..#.# #..§#
#.#.#.#..###
#.#.# #)..#
#.#.#......†
#.#.# #####
#.#.#..#####
#.#.#
#.#.#.......
#.#.#
#.#.#.######
#.#.#
#...#.......
#.#.#
############


You could see Crazy Yiuf and a friendly +7 hammer "Fogucol" {spect, Will+ Int-4
Stlth+} (summoned).

Vanquished Creatures
  An adder (D:2)
  6 ball pythons
  An endoplasm (D:2)
  5 goblins
  6 hobgoblins
  4 jackals (D:1)
  3 quokkas
  5 bats
  4 frilled lizards (D:2)
  2 kobolds
  3 rats
40 creatures vanquished.

Notes
Turn   | Place    | Note
-------+----------+-------------------------------------------
     0 | D:1      | IdlyInterested the Demonspawn Gladiator began the quest for
                  | the Orb.
     0 | D:1      | Reached XP level 1. HP: 16/16 MP: 1/1
   371 | D:1      | Gained mutation: You are partially covered in rugged brown
                  | scales. (AC +1, +3% HP) [demonic ancestry]
   371 | D:1      | Reached XP level 2. HP: 14/22 MP: 2/2
  1440 | D:2      | Found a runed translucent door.
  1441 | D:2      | Identified the +7 hammer "Fogucol" {spect, Will+ Int-4
                  | Stlth+}
  1441 | D:2      | Noticed Crazy Yiuf
  1726 | D:2      | Gained mutation: Your touch may inflict minor irresistible
                  | damage on your foes. [demonic ancestry]
  1726 | D:2      | Reached XP level 3. HP: 28/28 MP: 3/3
  1738 | D:2      | Reached skill level 1 in Stealth
  2304 | D:2      | HP: 1/28 [Crazy Yiuf/+4 quarterstaff of chaos (10)]
  2304 | D:2      | Slain by Crazy Yiuf

Illustrated notes

Levels and vault maps discovered:
D:1:      ncdulo_lavacross, layout_basic
D:2:      layout_basic, minmay_misc_feat_nine_boxes, minmay_misc_feat_pillars,
          uniq_crazy_yiuf_cottage

Skill      XL: |  1  2  3 |
---------------+----------+-----
Short Blades   | 3 |  3.0
Stealth        | 1 |  1.4
Dodging        | 3 |  3.0
Fighting       | |  2.9
Throwing       | |  1.7
Unarmed Combat | |  0.2

Action                   || total
-------------------------++-------
Melee: Rapier            ||    84
       Mace              ||    24
       Touch             ||     1
  Use: Scroll            ||     9
       Potion            ||     1
 Stab: Sleeping          ||     7
Armor: Leather armour    ||    35
Dodge: Dodged            ||    67

Table legend: (Time is in decaauts)
 A = Elapsed time spent in this place.
 B = Non-inter-level travel time spent in this place.
 C = Inter-level travel time spent in this place.
 D = Time resting spent in this place.
 E = Time spent auto-exploring this place.
 F = Levels seen in this place.
 G = Mean time per level.
                   A        B        C        D        E       F      G
               +--------+--------+--------+--------+--------+-----+--------+
         Total |   2317 |   2175 |    142 |    288 |   1499 |   2 | 1158.5 |
       Dungeon |   2317 |   2175 |    142 |    288 |   1499 |   2 | 1158.5 |
               +--------+--------+--------+--------+--------+-----+--------+

Top non-repeatable levels by time:
     D:1: 1172 daAuts
     D:2: 1144 daAuts
